 Dungeon Crawl Stone Soup version 0.31-a0-1570-g93c622d222 (webtiles) character file.

Game seed: 3327634464931424476

24 Flugslaktarn the Apothecary (level 3, 0/21 HPs)
             Began as an Octopode Alchemist on Jan 3, 2024.
             Slain by an iguana (7 damage)
             ... on level 4 of the Dungeon.
             The game lasted 00:01:05 (570 turns).

Flugslaktarn the Apothecary (Octopode Alchemist)     Turns: 570, Time: 00:01:06

Health: 0/21       AC:  1    Str:  7    XL:     3   Next: 2%
Magic:  4/6        EV: 13    Int: 19    God:
Gold:   17         SH:  0    Dex: 12    Spells: 5/6 levels left

rFire   . . .        c - +1 whip (distort)
rCold   . . .        (no shield)
rNeg    . . .        (helmet restricted)
rPois   .            (no amulet)
rElec   .            (no ring)
rCorr   .            (no ring)
SInv    .            (no ring)
Will    .....        (no ring)
Stlth   +++          (no ring)
HPRegen 0.23/turn    (no ring)
MPRegen 0.10/turn    (no ring)
                     (no ring)

%: no passive effects
@: no status effects
A: almost no armour, amphibious, 8 rings, camouflage 1, gelatinous body 1,
(nimble swimmer 1), tentacles
a: no special abilities


You were on level 4 of the Dungeon.
You visited 1 branch of the dungeon, and saw 4 of its levels.

You collected 17 gold pieces.

Inventory:

Hand Weapons
 c - a +1 whip of distortion (weapon)
   (You took it off a kobold on level 1 of the Dungeon)
 l - the +7 long sword of Atuny {freeze, rElec rPois Will- SInv}
   (You found it on level 3 of the Dungeon)

   rElec:     It insulates you from electricity.
   rPois:     It protects you from poison Will-: It decreases your willpower.
   SInv:      It lets you see invisible.
Magical Staves
 b - a staff of conjuration
   (You found it on level 1 of the Dungeon)
Jewellery
 e - a ring of fire
   (You found it on level 2 of the Dungeon)
Wands
 i - a wand of roots (13)
   (You found it on level 3 of the Dungeon)
Scrolls
 f - a scroll of brand weapon {unknown}
 j - a scroll of enchant armour {unknown}
 m - a scroll of teleportation {unknown}
Potions
 a - a potion of magic
 d - a potion of ambrosia {unknown}
 g - a potion of heal wounds {unknown}
 h - 3 potions of curing {unknown}
 k - a potion of mutation {unknown}


   Skills:
 - Level 2.0 Dodging
 - Level 2.6 Stealth
 + Level 2.4 Spellcasting
 - Level 1.0 Conjurations
 * Level 4.1 Alchemy


You had 5 spell levels left.
You knew the following spells:

 Your Spells              Type           Power      Damage    Failure   Level
a - Sting                 Conj/Alch      48%        1d6       5%          1

Your spell library contained the following spells:

 Spells                   Type           Power      Damage    Failure   Level
 Mercury Vapours          Alch/Air       20%        N/A       11%         2
 Mephitic Cloud           Conj/Alch/Air  8%         N/A       24%         3
 Olgreb's Toxic Radiance  Alch           18%        N/A       28%         4
 Sticky Flame             Fire/Alch      10%        2d5       56%         4


Dungeon Overview and Level Annotations

Branches:
Dungeon (4/15)
 Temple: D:4-7

Altars:


Innate Abilities, Weirdness & Mutations

You cannot wear most types of armour.
You are amphibious.
You can wear up to eight rings at the same time.
Your skin changes colour to match your surroundings (Stealth+).
Your rubbery body absorbs attacks. (AC +1, EV +1)
((You are camouflaged when in or above water. (Stealth+)))
You have tentacles for arms and can constrict up to eight enemies at once.


Message History

The sting hits the endoplasm.
The endoplasm partially resists.
The endoplasm is poisoned.
You kill the endoplasm!
Found a hand axe.
Unknown command.
HP restored.
i - a wand of roots (13)
A ball python comes into view.
Unknown command.
A ball python is nearby!
The ball python hisses angrily.
Casting: Sting (safe; 7% risk of failure)
Confirm with . or Enter, or press ? or * to list all spells.
Aiming: Sting (safe; 7% risk of failure)
Press: ? - help, Shift-Dir - straight line, f - ball python
Aim: a ball python (68% to hit)
The sting hits the ball python.
The ball python is poisoned.
The ball python is severely wounded.
Casting: Sting (safe; 7% risk of failure)
Confirm with . or Enter, or press ? or * to list all spells.
Aiming: Sting (safe; 7% risk of failure)
Press: ? - help, Shift-Dir - straight line, f/p - ball python
Aim: a ball python (severely wounded, poisoned, 68% to hit)
The sting hits the ball python.
The ball python looks even sicker.
You kill the ball python!
Found a stone staircase leading up.
There is a stone staircase leading up here.
A bat comes into view.
Found a stone staircase leading down.
Unknown command.
Found a scroll labelled XITOTESIVU.
Casting: Sting (safe; 7% risk of failure)
Confirm with . or Enter, or press ? or * to list all spells.
Aiming: Sting (safe; 7% risk of failure)
Press: ? - help, Shift-Dir - straight line, f - bat
Aim: a bat (asleep, 100% to hit)
The sting hits the bat.
The bat is poisoned.
You kill the bat!
Casting: Sting (safe; 6% risk of failure)
Confirm with . or Enter, or press ? or * to list all spells.
You can't see any susceptible monsters within range! (Use Z to cast anyway.)
j - a scroll labelled XITOTESIVU
Found a metallic blue potion.
Found a stone staircase leading down.
There is a stone staircase leading down here.
Found an ichor-stained long sword.
k - a metallic blue potion You see here the +7 long sword of Atuny {freeze, rElec rPois Will- SInv}.
l - the +7 long sword of Atuny {freeze, rElec rPois Will- SInv}
There is a stone staircase leading down here.
You climb downwards.
There is a stone staircase leading up here.
Unknown command.
A ball python comes into view.
Found 6 gold pieces.
Found a stone staircase leading down.
A ball python is nearby!
Unknown command.
Found a scroll labelled GETIADIAPAE.
Casting: Sting (safe; 6% risk of failure)
Confirm with . or Enter, or press ? or * to list all spells.
Aiming: Sting (safe; 6% risk of failure)
Press: ? - help, Shift-Dir - straight line, f - ball python
Aim: a ball python (asleep, 100% to hit)
The sting hits the ball python.
The ball python is poisoned.
The ball python is heavily wounded.
The ball python hisses angrily.
The ball python misses you. The ball python grabs you.
The ball python constricts you. The ball python barely misses you.
The ball python constricts you.
You barely miss the ball python. Your grab misses the ball python.
You squeeze the ball python, but do no damage.
The ball python is severely wounded.
You kill the ball python!
You have reached level 3!
Your experience leads to an increase in your attributes!
Increase (s)trength, (i)ntelligence, or (d)exterity?
You feel clever. x2
Unknown command.
You now have 17 gold pieces (gained 6).
m - a scroll labelled GETIADIAPAE 2 iguanas come into view.
Unknown command.
The iguana hisses angrily. x2
Casting: Sting (safe; 5% risk of failure)
Confirm with . or Enter, or press ? or * to list all spells.
Aiming: Sting (safe; 5% risk of failure)
Press: ? - help, Shift-Dir - straight line, f - iguana
Aim: an iguana (75% to hit)
The sting hits the iguana.
The iguana is poisoned.
The iguana is heavily wounded.
Casting: Sting (safe; 5% risk of failure)
Confirm with . or Enter, or press ? or * to list all spells.
Aiming: Sting (safe; 5% risk of failure)
Press: ? - help, Shift-Dir - straight line, f/p - iguana
Aim: an iguana (heavily wounded, poisoned, 75% to hit)
The sting hits the iguana.
The iguana looks even sicker.
The iguana is severely wounded.
The iguana attacks as it pursues you! The iguana bites you!
Ouch! That really hurt!
The iguana attacks as it pursues you! The iguana bites you!
You die...

#.# ####.#
..##.# #.##.#
#.##.# #.##.#
########.##.#
#....l....#.##
#.####..l@.>.#
#.##..#.#
#.##....#
#.##..###
#.##..#
#<##..#
##.##..#
#......#
#.#.....#


You could see 2 iguanas.

Vanquished Creatures
  An adder skeleton (D:2)
  An orc (D:3)
  4 ball pythons
  A bat (D:3)
  4 endoplasms
  2 goblins
  A kobold (D:1)
  A ball python skeleton (D:2)
  4 rats
19 creatures vanquished.

Notes
Turn   | Place    | Note
-------+----------+-------------------------------------------
     0 | D:1      | Flugslaktarn the Octopode Alchemist began the quest for the
                  | Orb.
     0 | D:1      | Reached XP level 1. HP: 11/11 MP: 3/3
   100 | D:1      | Reached XP level 2. HP: 17/17 MP: 3/5
   407 | D:3      | Reached skill level 4 in Alchemy
   535 | D:3      | Identified the +7 long sword of Atuny {freeze, rElec rPois
                  | Will- SInv}
   554 | D:4      | Reached XP level 3. HP: 20/21 MP: 4/6
   570 | D:4      | Slain by an iguana

Illustrated notes

Levels and vault maps discovered:
D:1:      dpeg_arrival_simpleton_c, layout_basic
D:2:      layout_basic, serial_undead, serial_undead_a, serial_undead_a,
          serial_undead_f, serial_undead_c, serial_undead_c
D:3:      layout_loops_ring
D:4:      layout_loops_ring, kennysheep_generic_room_4

Skill      XL: |  1  2 |
---------------+-------+-----
Alchemy        | 4 |  4.1
Dodging        | |  2.0
Stealth        | |  2.6
Spellcasting   | |  2.4
Conjurations   | |  1.0

Action                     || total
---------------------------++-------
  Melee: Staff             ||     4
         Constrict         ||     3
         Unarmed           ||     1
         Whip              ||    11
         Tentacles         ||     4
   Cast: Sting             ||    22
 Armour: Skin              ||     6
  Dodge: Dodged            ||    11

Table legend: (Time is in decaauts)
 A = Elapsed time spent in this place.
 B = Non-inter-level travel time spent in this place.
 C = Inter-level travel time spent in this place.
 D = Time resting spent in this place.
 E = Time spent auto-exploring this place.
 F = Levels seen in this place.
 G = Mean time per level.
                   A        B        C        D        E       F      G
               +--------+--------+--------+--------+--------+-----+--------+
         Total |    570 |    552 |     18 |      0 |    338 |   4 |  142.5 |
       Dungeon |    570 |    552 |     18 |      0 |    338 |   4 |  142.5 |
               +--------+--------+--------+--------+--------+-----+--------+

Top non-repeatable levels by time:
     D:2: 269 daAuts
     D:3: 145 daAuts
     D:1: 128 daAuts
     D:4: 25 daAuts
